AoeStats
← jurjur.mobile

Baltic

510567877Analyzed
2v2 RM · 20h ago on Oct 1, 2026· 25m 44s· 4 players
Game mode
Random Map
Map size
Medium (4 player)
Population
200
Speed
Normal
Resources
Standard
Victory
Conquest
Starting age
Dark Age
Ending age
Imperial Age
RankedLock teamsTeams togetherTeam positionsShared explorationLock speedFull tech treeHidden civsTurbo modeCheats
Victory
Defeat
🇪🇸 Vikings · Spain
889
+12
🇪🇸 Bulgarians · Spain
766
+16
🇺🇸 Bohemians · United States
784
-14
🇨🇿 Bohemians · Czechia
783
-14
DoominiqueCz
12:24 Feudal Age
13:42 Wheelbarrow
12:54 Double-Bit Axe
14:00 Fishing Lines
14:51 Horse Collar
21:30 Castle Age
23:09 Hand Cart
25:33 Pikeman
26:13 Squires
akjamesm49
10:20 Feudal Age
11:37 Double-Bit Axe
12:03 Loom
Grimor91
12:21 Feudal Age
12:58 Double-Bit Axe
13:18 Loom
13:55 Gold Mining
21:35 Castle Age
19:51 Stone Mining
21:08 Forging
21:05 Scale Barding Armor
24:28 Iron Casting
23:55 Scale Mail Armor
jurjur.mobile
8:16 Loom
10:47 Feudal Age
12:32 Double-Bit Axe
13:48 Fishing Lines
14:05 Gold Mining
16:34 Man-at-Arms
17:01 Arson
17:34 Forging
18:01 Scale Mail Armor
22:44 Castle Age
23:51 Squires
25:34 Gold Shaft Mining
24:40 Horse Collar
25:38 Chieftains
25:45 Caravan
Connection lost

Rejoining the realm…

Still unreachable

The connection could not be restored.

Session expired

The server has moved on; the page needs a fresh start.